 Dungeon Crawl Stone Soup version 0.29-a0-1014-ga8c0faee3b (webtiles) character file.

Game seed: 14070768234985444214

42 Ajdolov the Firebug (level 3, -5/16 HPs)
             Began as a Vine Stalker Fire Elementalist on Aug 9, 2022.
             Slain by an ice beast (7 damage)
             ... on level 3 of the Dungeon.
             The game lasted 00:03:03 (2126 turns).

Ajdolov the Firebug (VSFE)                          Turns: 2126, Time: 00:03:03

Health: -5/16      AC:  3    Str: 10    XL:     3   Next: 56%
Magic:  0/8        EV: 12    Int: 17    God:
Gold:   126        SH:  0    Dex: 14    Spells: 5/8 levels left

rFire   . . .      SeeInvis +   (no weapon)
rCold   . . .      Faith    .   (no shield)
rNeg    . . .      Spirit   +   a - +0 robe
rPois   .          Reflect  .   (no helmet)
rElec   .          Harm     .   i - +0 cloak
rCorr   .          Rampage  .   (no gloves)
Will    .....                   (no boots)
Stlth   ++........              (no amulet)
HPRegen 0.05/turn               d - ring of see invisible
MPRegen 0.11/turn               l - ring of wizardry

@: very slightly contaminated
A: fangs 2, magic shield, antimagic bite, no potion heal 2
a: no special abilities


You were on level 3 of the Dungeon.
You visited 1 branch of the dungeon, and saw 3 of its levels.

You collected 126 gold pieces.

Inventory:

Hand Weapons
 o - a +0 spear
Armour
 a - a +0 robe (worn)
 i - a +0 cloak (worn)
Jewellery
 d - a ring of see invisible (left hand)
 l - a ring of wizardry (right hand)
Scrolls
 c - a scroll of fear {unknown}
 f - 2 scrolls of identify {unknown}
 j - a scroll of magic mapping {unknown}
Potions
 e - a potion of lignification {unknown}
 g - a potion of attraction {unknown}
 h - a potion of brilliance {unknown}
 k - a potion of degeneration {unknown}
 m - a potion of mutation {unknown}
 n - a potion of resistance {unknown}
 p - a potion of might {unknown}


   Skills:
 - Level 1.5 Dodging
 - Level 2.4 Stealth
 * Level 3.0 Spellcasting
 + Level 1.2 Conjurations
 - Level 3.8 Fire Magic


You had 5 spell levels left.
You knew the following spells:

 Your Spells              Type           Power      Damage    Failure   Level
a - Foxfire               Conj/Fire      44%        2x1d6     2%          1
b - Scorch                Fire           30%        2d6       2%          2

Your spell library contained the following spells:

 Spells                   Type           Power      Damage    Failure   Level
 Conjure Flame            Conj/Fire      11%        6-21      8%          3
 Inner Flame              Hex/Fire       9%         N/A       10%         3
 Flame Wave               Conj/Fire      11%        2d6       24%         4


Dungeon Overview and Level Annotations

Branches:
Dungeon (3/15)

Altars:


Innate Abilities, Weirdness & Mutations

You have extremely sharp teeth.
When hurt, damage is shared between your health and your magic reserves.
Your bite disrupts and absorbs the magic of your enemies.
Potions cannot restore your health.


Message History

HP restored.
You start resting.
Magic restored.
You climb downwards.
There is a stone staircase leading up here.
Flames lash the ice beast.
The ice beast melts!
The ice beast is lightly wounded.
The ice beast's fire resistance burns away.
Flames lash the ice beast but do no damage.
The ice beast hits you. The ice beast freezes you!
Ouch! That really hurt!
* * * LOW HITPOINT WARNING * * *
You are too injured to fight recklessly!
Unknown command.
Magic courses through your body. The ice beast barely misses you.
Casting: Scorch (safe; 2% risk of failure)
Press: ? - help, Q - select action, (/) - cycle Dir - look around, f - activate You miscast Scorch.
You are very lightly contaminated with residual magic.
Nothing appears to happen.
The ice beast is no longer more vulnerable to fire.
The ice beast barely misses you.
Casting: Scorch (safe; 2% risk of failure)
Press: ? - help, Q - select action, (/) - cycle Dir - look around, f - activate
Okay, then.
You are too injured to fight recklessly!
Casting: Scorch (safe; 2% risk of failure)
Press: ? - help, Q - select action, (/) - cycle Dir - look around, f - activate Flames lash the ice beast.
The ice beast melts!
The ice beast is heavily wounded.
The ice beast's fire resistance burns away.
The ice beast hits you but does no damage.
Casting: Scorch (safe; 2% risk of failure)
Press: ? - help, Q - select action, (/) - cycle Dir - look around, f - activate Flames lash the ice beast.
The ice beast melts!
The ice beast is severely wounded.
The ice beast hits you.
* * * LOW HITPOINT WARNING * * *
The ice beast freezes you!
You die...

.r ##[#..#
###.###..#..#
............######
..#..##...........
#..##.##..###### .
#...†.....#
#.##.#...#.##
#.#...Y...#
#....@...#
#.##.....## #.#
##.<.## #?# ##†##
.. #.# #.# ..# ###


You could see an ice beast (combustible).

Vanquished Creatures
  An adder (D:1)
  A dart slug (D:2)
  2 endoplasms
  4 giant cockroaches
  2 goblins (D:1)
  A hobgoblin (D:3)
  3 jackals (D:2)
  3 quokkas
  A ball python (D:1)
  A bat (D:2)
  A frilled lizard (D:2)
  2 kobolds
  9 rats
31 creatures vanquished.

Vanquished Creatures (others)
  38 foxfires
38 creatures vanquished.

Grand Total: 69 creatures vanquished

Notes
Turn   | Place    | Note
-------+----------+-------------------------------------------
     0 | D:1      | Ajdolov the Vine Stalker Fire Elementalist began the quest
                  | for the Orb.
     0 | D:1      | Reached XP level 1. HP: 9/9 MP: 4/4
   291 | D:1      | Reached XP level 2. HP: 13/13 MP: 4/6
   571 | D:1      | Found a faded altar of an unknown god.
  1171 | D:2      | Learned a level 2 spell: Scorch
  1242 | D:1      | Reached XP level 3. HP: 11/16 MP: 1/8
  2068 | D:3      | Noticed an ice beast
  2126 | D:3      | Slain by an ice beast

Illustrated notes

Levels and vault maps discovered:
D:1:      dpeg_arrival_long_road, layout_basic,
          shapermc_ecumenical_altar_pompeii
D:2:      layout_loops_cross
D:3:      layout_loops_ring, fiery_altar_vehumet, serial_shops, shop,
          minmay_box_of_dots

Skill      XL: |  1  2  3 |
---------------+----------+-----
Spellcasting   | 3 |  3.0
Dodging        | |  1.5
Stealth        | |  2.4
Conjurations   | |  1.2
Fire Magic     | |  3.8

Action                   || total
-------------------------++-------
Melee: Unarmed           ||     1
       Bite              ||     1
 Cast: Foxfire           ||    22
       Scorch            ||    26
  Use: Potion            ||     1
Armor: Robe              ||     5
Dodge: Dodged            ||    19

Table legend: (Time is in decaauts)
 A = Elapsed time spent in this place.
 B = Non-inter-level travel time spent in this place.
 C = Inter-level travel time spent in this place.
 D = Time resting spent in this place.
 E = Time spent auto-exploring this place.
 F = Levels seen in this place.
 G = Mean time per level.
                   A        B        C        D        E       F      G
               +--------+--------+--------+--------+--------+-----+--------+
         Total |   2127 |   2045 |     82 |    190 |   1635 |   3 |  709.0 |
       Dungeon |   2127 |   2045 |     82 |    190 |   1635 |   3 |  709.0 |
               +--------+--------+--------+--------+--------+-----+--------+

Top non-repeatable levels by time:
     D:2: 1083 daAuts
     D:1: 998 daAuts
     D:3: 45 daAuts
